Map: Ruins of Seras

Players

Dayshi - Winner!

  • Race: Terran Terran
  • League: Grandmaster

Elazer

  • Race: Zerg Zerg
  • League: Grandmaster

Event: 2016 WCS Winter Challenger Europe

VOD

Have the link to the VOD?

Description

Time

  • Played on: Feb. 13, 2016, 10:48 a.m.
  • Length: 13:50

All games in this series

Show
View Real Time Build Order
Export as new Build Order

Dayshi Terran - Winner!

Build Orders: Reaper Expand, MMM Bio, Banshee Rush 

Get SALT Encoding   

  12  0:00  SCV  
  13  0:12  SCV  
  14  0:17  Supply Depot  
  14  0:25  SCV  
  15  0:39  SCV  
  15  0:40  Barracks  
  16  0:44  Refinery  
  16  0:51  SCV  
  17  1:03  SCV  
  18  1:15  SCV  
  19  1:27  Reaper, Orbital Command  
  20  1:43  Command Center  
  20  1:51  Supply Depot  
  20  1:54  SCV  
  21  1:59  Marine  
  22  2:06  SCV  
  23  2:11  Factory  
  23  2:16  Refinery  
  23  2:19  SCV  
  23  2:22  Barracks Reactor  
  24  2:31  SCV  
  25  2:43  SCV  
  26  2:54  Orbital Command  
  26  2:56  SCV  
  27  2:58  Starport  
  27  3:07  Barracks Tech Lab  
  27  3:10  SCV  
  28  3:17  Command Center  
  28  3:20  SCV  
  28  3:22  SCV  
  30  3:28  Hellion  
  30  3:31  Hellion  
  34  3:35  SCV x2  
  36  3:46  Barracks Tech Lab  
  36  3:47  Cloaking Field  
  36  3:48  Banshee  
  36  3:50  SCV x2  
  36  3:55  Supply Depot  
  41  4:03  SCV x2  
  41  4:07  Hellion  
  41  4:08  Marine  
  46  4:10  Stimpack  
  49  4:17  SCV, Hellion  
  49  4:18  SCV  
  49  4:22  Supply Depot  
  50  4:29  SCV, Orbital Command  
  50  4:30  SCV  
  52  4:33  Banshee  
  52  4:34  Marine  
  56  4:41  SCV  
  56  4:42  SCV  
  56  4:44  Barracks  
  58  4:48  Factory Reactor, Barracks  
  58  4:53  SCV  
  58  4:54  Supply Depot  
  58  4:55  SCV x2  
  61  5:04  Marine  
  61  5:05  SCV  
  64  5:07  SCV x2  
  64  5:08  Engineering Bay  
  64  5:09  Engineering Bay  
  64  5:10  Refinery  
  64  5:12  Refinery  
  65  5:17  SCV  
  65  5:19  SCV  
  70  5:24  SCV  
  71  5:29  SCV  
  72  5:41  Marine x3  
  72  5:45  SCV x3  
  72  5:46  Terran Infantry Weapons Level 1, Terran Infantry Armor Level 1  
  72  5:48  Starport Reactor  
  72  5:49  Marine  
  76  5:50  Barracks, Widow Mine x2  
  76  5:51  Combat Shields  
  76  5:54  Barracks  
  80  5:57  Supply Depot, SCV x3  
  80  5:59  Marine x2  
  80  6:03  Supply Depot  
  85  6:10  Liberator x2  
  85  6:13  Marine x2  
  85  6:14  SCV x2  
  85  6:17  Marine x2  
  82  6:18  Widow Mine x2  
  82  6:22  SCV  
  82  6:24  Missile Turret  
  85  6:27  Bunker, SCV  
  85  6:29  Missile Turret  
  85  6:31  Marine x2  
  94  6:34  Marine  
  94  6:35  Supply Depot, SCV x2  
  94  6:38  Barracks Reactor, Armory  
  97  6:41  Barracks Reactor  
  97  6:42  Marine  
  97  6:45  SCV  
  99  6:47  Widow Mine  
  101  6:56  Widow Mine, Marine x3  
  101  6:57  Supply Depot  
  101  6:58  Supply Depot  
  106  7:02  Marine  
  106  7:05  Supply Depot  
  104  7:09  SCV  
  104  7:10  Supply Depot, Medivac x2  
  104  7:11  Supply Depot  
  104  7:13  Missile Turret  
  104  7:14  Marine  
  109  7:18  Marine x5  
  109  7:19  Marine  
  109  7:20  Marine  
  109  7:22  Supply Depot  
  116  7:23  Missile Turret  
  116  7:28  Supply Depot  
  116  7:30  Widow Mine x2  
  116  7:32  Marine  
  116  7:34  SCV x2  
  116  7:36  Marine x5  
  116  7:37  Marine x2  
  125  7:39  SCV  
  125  7:41  Refinery  
  127  7:46  SCV  
  127  7:47  Terran Infantry Weapons Level 2, Terran Infantry Armor Level 2  
  127  7:50  Marine  
  129  7:53  Liberator  
  129  7:54  Liberator, Marine x6  
  129  7:55  Marine  
  124  8:08  Marine  
  124  8:12  Marine x5  
  120  8:14  Marine x2  
  119  8:25  Marine  
  119  8:26  Refinery  
  119  8:27  Command Center  
  119  8:28  Refinery  
  119  8:29  Marine x5  
  119  8:32  Marine x2  
  124  8:38  Liberator x2, Widow Mine x2  
  128  8:43  Marine  
  128  8:47  Marine x5  
  130  8:50  Marine x2  
  130  8:53  SCV x2  
  134  8:58  SCV  
  134  9:01  Marine  
  136  9:05  Marine x5  
  136  9:06  Widow Mine x2  
  136  9:08  Marine x2  
  120  9:19  Marine  
  120  9:23  Marine x5  
  125  9:26  Marine x2  
  125  9:27  Terran Ship Weapons Level 1, Barracks x2  
  125  9:28  Barracks, Starport  
  127  9:37  Widow Mine x2, Marine  
  127  9:38  Medivac x2  
  136  9:41  Command Center, Marine x5  
  136  9:43  Marine  
  136  9:44  Marine  
  141  9:54  Marine  
  141  9:56  Concussive Shells  
  141  9:59  Marine x5  
  147  10:01  Marine x2  
  147  10:04  SCV x3  
  150  10:10  Terran Infantry Weapons Level 3, Starport Reactor, Terran Infantry Armor Level 3  
  150  10:12  Marine  
  130  10:14  Barracks Tech Lab  
  130  10:15  Barracks Tech Lab  
  130  10:16  Barracks Tech Lab, Marine x4  
  130  10:17  Marauder  
  130  10:19  Marine  
  137  10:22  Marine  
  137  10:23  Medivac  
  140  10:31  Marauder  
  140  10:32  Marauder  
  140  10:34  Marine x4  
  140  10:35  Marauder, Marine  
  150  10:37  Marine  
  150  10:38  Marauder  
  150  10:40  Marine  
  146  10:50  Widow Mine x2  
  146  10:52  Marine x5  
  146  10:53  Marauder  
  146  10:54  Marauder  
  146  10:55  Marine  
  146  10:57  Marauder  
  162  10:58  Marine  
  162  10:59  Orbital Command  
  162  11:00  Marauder  
  165  11:09  Marine  
  165  11:10  Liberator x2, Orbital Command, Marine x4  
  170  11:11  Liberator  
  170  11:12  Marine  
  170  11:15  Marauder x2, Liberator, Marine  
  170  11:16  Ghost Academy  
  170  11:17  Marine  
  177  11:23  Command Center  
  183  11:37  Widow Mine x2  
  165  11:44  Marine x3  
  165  11:45  Marauder x3  
  171  11:47  Marauder x2  
  171  11:48  Marine  
  172  11:55  Refinery x2  
  172  12:05  Widow Mine  
  172  12:06  Marauder, Marine  
  172  12:07  Marine  
  159  12:09  Marauder  
  159  12:10  Medivac x2  
  159  12:11  Marine x2  
  159  12:12  Marauder, Marine x3  
  159  12:13  Marauder  
  159  12:14  Widow Mine  
  171  12:27  Marauder, Marine x2  
  171  12:29  Marine x3  
  177  12:30  Ghost, Marauder, Marine  
  177  12:32  Ghost  
  177  12:34  Marauder, Widow Mine  
  158  12:45  Marine x2  
  158  12:49  Marauder  
  158  12:51  Marine  
  160  12:52  Marauder  
  160  12:53  Marine x2  
  160  12:55  Marine  
  160  12:56  Marauder  
  159  12:59  Marauder  
  159  13:02  Marauder  
  159  13:03  Marine x2  
  160  13:08  Marine  
  160  13:10  Marauder  
  160  13:11  Marine x2  
  165  13:13  Marauder  
  165  13:15  Marine  
  165  13:17  Marauder  
  170  13:20  Marauder  
  170  13:21  Marine x2  
  170  13:23  Marauder  
Show
View Real Time Build Order
Export as new Build Order

Elazer Zerg 

Build Orders: Hatch First, Muta Ling Bane 

Get SALT Encoding   

  12  0:00  Drone  
  13  0:13  Overlord  
  13  0:18  Drone  
  14  0:31  Drone x2  
  14  0:35  Drone  
  17  0:53  Hatchery  
  17  0:56  Drone  
  17  0:59  Drone  
  18  1:09  Extractor  
  17  1:14  Spawning Pool  
  17  1:17  Drone  
  17  1:20  Drone  
  18  1:28  Drone  
  19  1:42  Overlord  
  19  2:01  Zergling x2, Queen  
  19  2:02  Zergling x2  
  19  2:04  Queen  
  19  2:05  Drone  
  26  2:09  Metabolic Boost  
  26  2:11  Drone  
  27  2:15  Drone  
  27  2:22  Drone  
  29  2:27  Drone  
  30  2:32  Drone  
  31  2:37  Drone  
  32  2:46  Hatchery  
  32  2:50  Queen  
  33  2:54  Overlord  
  33  2:56  Drone  
  34  2:59  Drone  
  34  3:00  Drone  
  36  3:14  Drone  
  36  3:15  Drone x4  
  36  3:16  Drone  
  36  3:19  Overlord  
  42  3:27  Queen  
  44  3:38  Drone x3  
  47  3:43  Drone x5, Extractor  
  51  3:50  Overlord  
  51  3:51  Drone  
  51  3:52  Lair  
  51  3:55  Extractor  
  51  4:03  Queen  
  51  4:04  Spine Crawler  
  51  4:05  Drone x3  
  55  4:13  Zergling x6  
  55  4:15  Zergling x2  
  58  4:18  Overlord  
  58  4:20  Drone x3  
  58  4:22  Drone  
  62  4:30  Drone  
  62  4:31  Drone x3, Extractor  
  65  4:39  Drone  
  66  4:46  Zergling x4  
  66  4:51  Evolution Chamber  
  66  4:52  Baneling Nest, Evolution Chamber  
  65  4:53  Drone  
  65  4:54  Spire, Drone x2  
  65  4:56  Overseer  
  65  4:57  Drone x2  
  65  4:59  Drone  
  70  5:01  Drone  
  70  5:06  Overlord  
  71  5:10  Drone x3  
  74  5:17  Overlord, Spore Crawler  
  74  5:20  Overseer  
  72  5:22  Spore Crawler  
  72  5:23  Drone  
  72  5:24  Drone x3  
  72  5:26  Drone  
  73  5:28  Drone  
  73  5:31  Drone  
  73  5:32  Drone  
  73  5:35  Drone  
  73  5:36  Drone  
  73  5:40  Drone x2  
  74  5:45  Drone x2  
  74  5:47  Drone x2  
  74  5:48  Drone  
  79  5:59  Drone  
  79  6:00  Drone  
  79  6:03  Overlord x2  
  78  6:15  Drone  
  78  6:18  Zerg Flyer Weapons Level 1  
  72  6:19  Mutalisk x7  
  72  6:20  Mutalisk  
  72  6:22  Mutalisk  
  72  6:24  Drone  
  72  6:25  Drone  
  92  6:26  Drone  
  92  6:31  Drone x4  
  97  6:36  Extractor x2  
  95  6:42  Overlord  
  95  6:43  Drone  
  95  6:44  Drone x2  
  95  6:46  Drone x3  
  101  6:51  Zerg Melee Weapons Level 1  
  101  6:52  Zerg Ground Armor Level 1  
  101  7:07  Drone  
  101  7:12  Overlord  
  101  7:13  Overlord  
  101  7:14  Mutalisk x3  
  107  7:15  Mutalisk  
  107  7:19  Hatchery  
  106  7:32  Zergling x2  
  106  7:33  Zergling x18  
  116  7:38  Baneling x5  
  116  7:43  Baneling  
  114  7:44  Mutalisk  
  114  7:45  Mutalisk x2  
  114  7:50  Zergling x12  
  126  7:52  Baneling x3  
  126  7:53  Baneling x3  
  115  8:09  Zergling x16  
  108  8:16  Mutalisk x3  
  110  8:22  Drone x5  
  110  8:23  Infestation Pit  
  111  8:30  Mutalisk  
  111  8:31  Mutalisk  
  109  8:36  Overseer, Zergling x8  
  111  8:43  Baneling x3  
  111  8:46  Zergling x10  
  110  8:53  Mutalisk x2  
  114  8:57  Zergling x10  
  118  9:08  Centrifical Hooks  
  114  9:11  Mutalisk  
  114  9:13  Zergling x12  
  117  9:19  Extractor  
  117  9:20  Extractor  
  117  9:21  Zergling x8  
  117  9:22  Baneling x4  
  117  9:27  Zergling x4  
  117  9:28  Baneling  
  117  9:29  Baneling  
  117  9:30  Hive  
  117  9:31  Zergling x2  
  120  9:32  Overlord x4  
  120  9:33  Overlord  
  120  9:52  Pneumatized Carapace  
  120  9:53  Baneling x3  
  120  9:54  Zergling x8, Baneling  
  120  9:55  Zergling x10  
  120  9:59  Mutalisk  
  129  10:00  Mutalisk  
  129  10:01  Zergling x20  
  137  10:16  Infestor  
  137  10:17  Zerg Melee Weapons Level 2, Overlord  
  137  10:18  Zergling x10  
  144  10:25  Zerg Ground Armor Level 2  
  144  10:31  Zergling x2  
  144  10:32  Zergling x26  
  158  10:41  Drone x3  
  158  10:42  Drone  
  153  10:51  Queen x2  
  153  10:53  Drone  
  153  10:55  Ultralisk Cavern, Adrenal Glands  
  152  11:05  Zergling x18  
  152  11:06  Zergling x14  
  152  11:08  Baneling x7  
  152  11:09  Baneling  
  156  11:20  Overlord x3  
  120  11:42  Chitinous Plating  
  120  11:43  Ultralisk  
  120  11:44  Ultralisk x3  
  138  11:51  Ultralisk  
  138  11:52  Zergling x12  
  138  11:53  Zergling x4  
  152  11:56  Baneling  
  152  11:58  Baneling  
  152  11:59  Baneling x4  
  151  12:06  Zergling x8  
  151  12:07  Zergling x12  
  137  12:18  Ultralisk  
  137  12:20  Ultralisk  
  137  12:25  Zergling x10  
  94  12:42  Ultralisk  
  90  12:56  Ultralisk  
  89  13:04  Zergling x18  
  89  13:05  Zergling x2  
  93  13:08  Queen x2  
  95  13:14  Corruptor  
Tags
 
Add a new tag
Caveats
  • Supply blocks, unpowered buildings, or Contaminate may cause inaccurate times.
  • Supply counts are checked every 10 seconds.